 Dungeon Crawl Stone Soup version 0.21-a0-426-g98080a9 (webtiles) character file.

217 Dysjunc the Vexing (level 5, -15/41 HPs)
             Began as a Gnoll Arcane Marksman on Nov 5, 2017.
             Engulfed by a cloud of flame (20 damage)
             ... on level 3 of the Dungeon.
             The game lasted 00:12:55 (3917 turns).

Dysjunc the Vexing (Gnoll Arcane Marksman)          Turns: 3917, Time: 00:12:55

Health: -15/41     AC:  3    Str: 13    XL:     5   Next: 94%
Magic:  2/9        EV: 15    Int: 16    God:
Gold:   140        SH:  0    Dex: 15    Spells: 0/10 levels left

rFire    . . .     SeeInvis .   y - +4 dagger
rCold    . . .     Gourm    .   (no shield)
rNeg     + . .     Faith    .   z - +1 animal skin
rPois    .         Spirit   .   (no helmet)
rElec    .         Reflect  .   (no cloak)
rCorr    .         Harm     .   (no gloves)
MR       .....                  (no boots)
Stlth    ++........             (no amulet)
HPRegen  0.13/turn              q - ring of positive energy
MPRegen  0.11/turn              (no ring)

@: no status effects
A: distributed training, fangs 1, strong nose
a: no special abilities


You were on level 3 of the Dungeon.
You were not hungry.

You visited 1 branch of the dungeon, and saw 3 of its levels.

You collected 140 gold pieces.

Inventory:

Hand Weapons
 h - a +0 club
 n - a +0 whip
 y - a +4 dagger (weapon)
Missiles
 c - 3 javelins
 i - 115 stones
 A - 34 arrows
 B - 14 poisoned needles
 C - a poisoned javelin (quivered)
Armour
 o - a +0 chain mail
 u - a +0 scale mail
 z - a +1 animal skin (worn)
Jewellery
 q - a ring of positive energy (left hand)
Scrolls
 e - 3 scrolls of teleportation {unknown}
 j - 5 scrolls of identify {unknown}
 m - 2 scrolls of enchant armour {unknown}
 s - a scroll of fear {unknown}
 w - a scroll of amnesia {unknown}
Potions
 a - 3 potions of invisibility {unknown}
 d - a potion of lignification {unknown}
 g - 2 potions of might {unknown}
 p - a potion of degeneration {unknown}
 r - a potion of experience {unknown}
 v - 2 potions of curing {unknown}
 x - 3 potions of magic {unknown}
Books
 b - a book of Debilitation

   Spells                             Type                      Level
   a - Corona                         Hexes                        1
   b - Slow                           Hexes                        2
   c - Inner Flame                    Hexes/Fire                   3
   d - Portal Projectile              Hexes/Translocation          3
   e - Cause Fear                     Hexes                        4
   f - Leda's Liquefaction            Hexes/Earth                  4
Comestibles
 f - 5 bread rations
 k - 6 fruits
 l - a meat ration
 t - 2 royal jellies


   Skills:
 + Level 3.1 Fighting
 + Level 1.6 Short Blades
 + Level 1.6 Long Blades
 + Level 1.6 Axes
 + Level 1.6 Maces & Flails
 + Level 1.6 Polearms
 + Level 1.6 Staves
 + Level 1.6 Slings
 + Level 1.6 Bows
 + Level 1.6 Crossbows
 + Level 4.8 Throwing
 + Level 1.6 Armour
 + Level 4.8 Dodging
 + Level 1.6 Stealth
 + Level 1.6 Shields
 + Level 1.6 Unarmed Combat
 + Level 3.2 Spellcasting
 + Level 1.3 Conjurations
 + Level 5.6 Hexes
 + Level 1.3 Charms
 + Level 1.3 Summonings
 + Level 1.3 Necromancy
 + Level 1.3 Translocations
 + Level 1.3 Transmutations
 + Level 1.3 Fire Magic
 + Level 1.3 Ice Magic
 + Level 1.3 Air Magic
 + Level 1.3 Earth Magic
 + Level 1.3 Poison Magic
 + Level 1.9 Invocations
 + Level 1.6 Evocations


You couldn't memorise any spells.
You knew the following spells:

 Your Spells              Type           Power        Failure   Level  Hunger
a - Inner Flame           Hex/Fire       ##......     13%         3    ###....
q - Corona                Hex            ###....      1%          1    None
s - Cause Fear            Hex            ###.......   19%         4    ####...
w - Slow                  Hex            ###.....     2%          2    ##.....


Dungeon Overview and Level Annotations

Branches:
Dungeon (3/15)

Altars:
Cheibriados
Fedhas
Qazlal
Sif Muna
Uskayaw
Yredelemnul

Annotations:
D:3 Grinder


Innate Abilities, Weirdness & Mutations

Your experience applies equally to all skills.
You have very sharp teeth.
Your uncanny sense of smell can sniff out nearby items.


Message History

Press: ? - help, Shift-Dir - straight line, f/p - orc priest
Aim: an orc priest, wielding a mace (slow, inner flame)
You throw a poisoned javelin.
The poisoned javelin hits the orc priest!
The orc priest is severely wounded.
You hear a shout!
An orc priest comes into view. It is wielding a hand axe.
Throwing (i - inventory. (,) - cycle):
C - a poisoned javelin (quivered)
Press: ? - help, Shift-Dir - straight line, f/p - orc priest
Aim: an orc priest, wielding a mace (severely wounded, slow, inner flame)
Okay, then.
You hit the orc priest.
The orc priest explodes!
The fiery explosion engulfs you!
Ouch! That really hurt!
* * * LOW HITPOINT WARNING * * *
The fiery explosion engulfs the orc.
You kill the orc!
You are engulfed in blazing flames.
You die...

..#.#.#.###.#...#.#.#
#.#
..........#.###.#.#.#
.##.#.#...#.#.#.#....
..#.#.##.##.#.#.###
.....###.###..#.#.#
#.#.## #+# ##.###.#
#.#.# .^. #..%..# #
#.#.# .^^^. #.....# .#
#.#.###^^.###...@§#..#
#.#.# ..Z^^ #####)§..#
#.#.# ##### #)#.##
#.#.# #o# # #.#.# ..(
#.#.# #.# #.# #.# ∆
#.# #.#


You could see an orc priest.

Vanquished Creatures
  A hound (D:2)
  An orc priest (D:3)
  Natasha (thrice) (D:3)
  Robin (D:2)
  2 adders
  2 worms (D:2)
  A dart slug (D:1)
  An orc (D:3)
  2 bats (D:2)
  11 goblins
  10 hobgoblins
  7 jackals (D:2)
  A quokka (D:3)
  A ball python (D:1)
  A frilled lizard (D:2)
  2 kobolds
  4 rats (D:2)
51 creatures vanquished.

Notes
Turn   | Place    | Note
-------+----------+-------------------------------------------
     0 | D:1      | Dysjunc the Gnoll Arcane Marksman began the quest for the Orb.
     0 | D:1      | Reached XP level 1. HP: 17/17 MP: 4/4
  1120 | D:1      | Reached XP level 2. HP: 23/23 MP: 5/5
  1261 | D:1      | Learned a level 2 spell: Slow
  1364 | D:2      | Reached XP level 3. HP: 27/28 MP: 2/7
  1805 | D:2      | Reached skill level 1 in Invocations
  2052 | D:2      | Reached skill level 1 in Short Blades
  2052 | D:2      | Reached skill level 1 in Long Blades
  2052 | D:2      | Reached skill level 1 in Axes
  2052 | D:2      | Reached skill level 1 in Maces & Flails
  2052 | D:2      | Reached skill level 1 in Polearms
  2052 | D:2      | Reached skill level 1 in Staves
  2052 | D:2      | Reached skill level 1 in Slings
  2052 | D:2      | Reached skill level 1 in Bows
  2052 | D:2      | Reached skill level 1 in Crossbows
  2052 | D:2      | Reached skill level 1 in Armour
  2052 | D:2      | Reached skill level 1 in Stealth
  2052 | D:2      | Reached skill level 1 in Shields
  2052 | D:2      | Reached skill level 1 in Unarmed Combat
  2052 | D:2      | Reached skill level 1 in Evocations
  2183 | D:2      | Noticed Robin
  2188 | D:2      | Reached XP level 4. HP: 33/34 MP: 8/8
  2209 | D:2      | Killed Robin
  2340 | D:2      | Learned a level 3 spell: Inner Flame
  2848 | D:3      | Found a stormy altar of Qazlal.
  2916 | D:3      | Noticed Natasha
  2919 | D:3      | Noticed Grinder
  2930 | D:3      | Killed Natasha
  2930 | D:3      | Reached skill level 1 in Conjurations
  2930 | D:3      | Reached skill level 1 in Charms
  2930 | D:3      | Reached skill level 1 in Summonings
  2930 | D:3      | Reached skill level 1 in Necromancy
  2930 | D:3      | Reached skill level 1 in Translocations
  2930 | D:3      | Reached skill level 1 in Transmutations
  2930 | D:3      | Reached skill level 1 in Fire Magic
  2930 | D:3      | Reached skill level 1 in Ice Magic
  2930 | D:3      | Reached skill level 1 in Air Magic
  2930 | D:3      | Reached skill level 1 in Earth Magic
  2930 | D:3      | Reached skill level 1 in Poison Magic
  2932 | D:3      | Paralysed by Grinder for 6 turns
  2960 | D:2      | Reached XP level 5. HP: 6/40 MP: 5/9
  3233 | D:2      | Learned a level 4 spell: Cause Fear
  3253 | D:3      | Noticed Natasha
  3268 | D:3      | Killed Natasha
  3491 | D:3      | Found a basalt altar of Yredelemnul.
  3560 | D:3      | Noticed Natasha
  3563 | D:3      | Killed Natasha
  3645 | D:3      | Found a blossoming altar of Fedhas.
  3647 | D:3      | Found a snail-covered altar of Cheibriados.
  3794 | D:3      | Found a hide-covered altar of Uskayaw.
  3795 | D:3      | Found a deep blue altar of Sif Muna.
  3917 | D:3      | Engulfed by a cloud of flame

Vault maps used:
D:1:      erik_arrival_cave_to_civilisation
D:2:      uniq_robin
D:3:      nicolae_overflow_hidden_temple, grunt_qazlal_clouds,
          yredelemnul_forgotten_temple_becter, first_bread, uniq_grinder,
          uniq_natasha

Skill      XL: |  1  2  3  4  5 |
---------------+----------------+-----
Invocations    | 1 |  1.9
Short Blades   | 1 |  1.6
Long Blades    | 1 |  1.6
Axes           | 1 |  1.6
Maces & Flails | 1 |  1.6
Polearms       | 1 |  1.6
Staves         | 1 |  1.6
Slings         | 1 |  1.6
Bows           | 1 |  1.6
Crossbows      | 1 |  1.6
Armour         | 1 |  1.6
Stealth        | 1 |  1.6
Shields        | 1 |  1.6
Unarmed Combat | 1 |  1.6
Evocations     | 1 |  1.6
Spellcasting   | 3 |  3.2
Conjurations   | 1 |  1.3
Charms         | 1 |  1.3
Summonings     | 1 |  1.3
Necromancy     | 1 |  1.3
Translocations | 1 |  1.3
Transmutations | 1 |  1.3
Fire Magic     | 1 |  1.3
Ice Magic      | 1 |  1.3
Air Magic      | 1 |  1.3
Earth Magic    | 1 |  1.3
Poison Magic   | 1 |  1.3
Fighting       | 3 |  3.1
Throwing       | |  4.8
Dodging        | |  4.8
Hexes          | |  5.6

Action                   |  1- 3 |  4- 6 || total
-------------------------+-------+-------++-------
Melee: Whip              |    63 |       ||    63
       Bite              |     7 |     6 ||    13
       Dagger            |     9 |    42 ||    51
Throw: Javelin           |    53 |    20 ||    73
       Throwing net      |     3 |       ||     3
       Stone             |     7 |       ||     7
 Cast: Slow              |     5 |     7 ||    12
       Corona            |     4 |       ||     4
       Inner Flame       |       |     1 ||     1
 Stab: Held in net/web   |     2 |       ||     2
       Sleeping          |       |     4 ||     4
  Eat: Chunk             |     4 |     1 ||     5
       Meat ration       |       |     1 ||     1
Armor: Chain mail        |     3 |       ||     3
       Scale mail        |    23 |     2 ||    25
       Animal skin       |       |     6 ||     6
Dodge: Dodged            |    39 |    30 ||    69

Table legend:
 A = Spawn XP
 B = Non-spawn XP
 C = Spawn XP percentage of total XP
 D = Spawn monster count
 E = Non-spawn monster count
 F = Spawn count percentage of total count
 G = Total turns spent on level
                    A         B        C        D         E        F      G
               +---------+---------+-------+---------+---------+-------+---------
         Total |       0 |     311 |   0.0 |       0 |      51 |   0.0 |  3917
               +---------+---------+-------+---------+---------+-------+---------
           D:1 |       0 |      10 |   0.0 |       0 |       5 |   0.0 |  1284
           D:2 |       0 |     136 |   0.0 |       0 |      37 |   0.0 |  1857
           D:3 |       0 |     165 |   0.0 |       0 |       9 |   0.0 |   776
               +---------+---------+-------+---------+---------+-------+---------
